 Dungeon Crawl Stone Soup version 0.29.0-11-gd7f09526c8 (webtiles) character file.

Game seed: 2590196184864443596

109 Strat the Chopper (level 5, -2/45 HPs)
             Began as a Meteoran Berserker on Sept 4, 2022.
             Was a Believer of Trog.
             Slain by an ufetubus (4 damage)
             ... on level 4 of the Dungeon.
             The game lasted 00:04:13 (753 turns).

Strat the Chopper (Meteoran Berserker)               Turns: 753, Time: 00:04:14

Health: -2/45      AC:  6    Str: 20    XL:     5   Next: 36%
Magic:  6/6        EV: 10    Int:  8    God:    Trog [**....]
Gold:   98         SH:  0    Dex: 14    Spells: 4/4 levels left

rFire   . . .      SeeInvis .   a - +1 war axe
rCold   . . .      Faith    .   (no shield)
rNeg    . . .      Spirit   .   i - +0 scale mail
rPois   .          Reflect  .   (no helmet)
rElec   .          Harm     .   (no cloak)
rCorr   .          Rampage  .   (no gloves)
Will    .....                   (no boots)
Stlth   ..........              (no amulet)
HPRegen 0.15/turn               (no ring)
MPRegen 0.10/turn               (no ring)

@: glowing
A: sense surroundings 1, otherworldly, glowing, explore regen
a: Renounce Religion, Berserk, Trog's Hand


You were on level 4 of the Dungeon.
You worshipped Trog.
Trog was pleased with you.
You visited 1 branch of the dungeon, and saw 4 of its levels.

You collected 98 gold pieces.

Inventory:

Hand Weapons
 a - a +1 war axe (weapon)
 l - a +0 hand axe
Missiles
 m - 5 javelins (quivered)
Armour
 b - a +0 animal skin
 g - a +0 ring mail
 i - a +0 scale mail (worn)
Wands
 n - a wand of roots (9)
Scrolls
 k - a scroll of enchant weapon
Potions
 c - a potion of might
 h - 2 potions of attraction {unknown}


   Skills:
 + Level 3.5 Fighting
 + Level 6.1 Axes
 + Level 2.8 Armour
 - Level 2.4 Dodging


You had 4 spell levels left.
You didn't know any spells.
Your spell library was empty.

Dungeon Overview and Level Annotations

Branches:
Dungeon (4/15) Zot: 1630
 Temple: D:4-7

Altars:

Shops:
D:2 ?   D:3 =

Annotations:
D:3 Sigmund


Innate Abilities, Weirdness & Mutations

You passively map a small area around you.
You are easily found by Zot.
You glow in the dark.
You regain HP and MP as you explore.


Message History

* * * LOW HITPOINT WARNING * * *
The ufetubus closely misses you. x2
The ufetubus hits you but does no damage.
The ufetubus attacks as you move away! The ufetubus closely misses you.
The ufetubus hits you.
* * * LOW HITPOINT WARNING * * *
The ufetubus hits you but does no damage.
The ufetubus barely misses you. The ufetubus hits you.
* * * LOW HITPOINT WARNING * * *
The ufetubus misses you.
The ufetubus hits you but does no damage.
The ufetubus closely misses you. The ufetubus attacks as you move away!
The ufetubus hits you but does no damage.
The ufetubus hits you.
* * * LOW HITPOINT WARNING * * *
The ufetubus attacks as you move away!
The ufetubus hits you but does no damage. x3
The ufetubus barely misses you. The ufetubus attacks as you move away!
The ufetubus barely misses you. x3
The ufetubus hits you but does no damage.
The ufetubus attacks as you move away! The ufetubus closely misses you.
The ufetubus hits you but does no damage.
The ufetubus hits you.
* * * LOW HITPOINT WARNING * * *
The ufetubus hits you.
* * * LOW HITPOINT WARNING * * *
Found a quarterstaff.
The ufetubus hits you.
* * * LOW HITPOINT WARNING * * *
The ufetubus hits you.
* * * LOW HITPOINT WARNING * * *
The ufetubus hits you but does no damage.
The ufetubus hits you.
* * * LOW HITPOINT WARNING * * *
Found 6 stones.
Unknown command.
The ufetubus attacks as you move away! The ufetubus hits you.
You die...

###########
#......)..#
*
#.........#
#........(#
* * * #@#**
#5## #..# *
##h# ,, ,
#.### #...#
###.# , * *
#.# , #.#


You could see a black bear and an ufetubus.

Vanquished Creatures
  Terence (D:2)
  An iguana (D:4)
  An adder (D:3)
  2 dart slugs
  2 orcs
  4 ball pythons
  A bat (D:2)
  5 endoplasms
  3 giant cockroaches
  3 goblins
  4 hobgoblins
  3 jackals (D:1)
  3 quokkas
  4 frilled lizards
  2 kobolds
  A rat (D:2)
40 creatures vanquished.

Vanquished Creatures (others)
  A fungus (D:3)
1 creature vanquished.

Grand Total: 41 creatures vanquished

Notes
Turn   | Place    | Note
-------+----------+-------------------------------------------
     0 | D:1      | Strat the Meteoran Berserker began the quest for the Orb.
     0 | D:1      | Reached XP level 1. HP: 19/19 MP: 2/2
    67 | D:1      | Reached skill level 4 in Axes
    67 | D:1      | Reached XP level 2. HP: 24/26 MP: 3/3
   156 | D:1      | Reached XP level 3. HP: 29/31 MP: 4/4
   237 | D:2      | Noticed Terence
   243 | D:2      | Killed Terence
   244 | D:2      | Reached skill level 5 in Axes
   244 | D:2      | Reached XP level 4. HP: 38/38 MP: 5/5
   390 | D:3      | Reached ** piety under Trog
   401 | D:3      | Found Utir's Jewellery Emporium.
   502 | D:3      | Reached skill level 6 in Axes
   508 | D:3      | Noticed Sigmund
   532 | D:2      | Found Cuodum's Magic Scroll Emporium.
   682 | D:4      | Reached XP level 5. HP: 41/45 MP: 6/6
   695 | D:4      | Noticed a black bear
   749 | D:4      | HP: 2/45 [ufetubus (1)]
   753 | D:4      | Slain by an ufetubus

Illustrated notes

Levels and vault maps discovered:
D:1:      kennysheep_arrival_seaside, layout_rooms,
          hellmonk_ecumenical_altar_leap_of_faith
D:2:      layout_loops_ring, serial_shops, nicolae_shop_behind_doors,
          minmay_split_cup_large, uniq_terence
D:3:      layout_rooms, serial_shops, shop, kennysheep_generic_room_9,
          uniq_sigmund, uniq_crazy_yiuf_cottage
D:4:      layout_rooms, lemuel_crystal_altar, mainiacjoe_overflow_boulevard,
          serial_shops, nicolae_diamond_shop, gammafunk_ghost_stat_death,
          nicolae_shop_gadgets

Skill      XL: |  1  2  3  4 |
---------------+-------------+-----
Axes           | 4 5 6 |  6.1
Fighting       | |  3.5
Armour         | |  2.8
Dodging        | |  2.4

Action                   |  1- 3 |  4- 6 || total
-------------------------+-------+-------++-------
Melee: Hand axe          |    46 |    22 ||    68
       Punch             |     1 |       ||     1
       War axe           |       |    27 ||    27
Invok: Berserk           |     1 |       ||     1
  Use: Scroll            |       |     5 ||     5
       Potion            |       |     1 ||     1
Armor: Animal skin       |     1 |       ||     1
       Ring mail         |    12 |       ||    12
       Scale mail        |       |    50 ||    50
Dodge: Dodged            |    25 |    49 ||    74
